 Dungeon Crawl Stone Soup version 0.30-a0-469-g84de5afbc5 (webtiles) character file.

Game seed: 1785061991070958551

1799 gelatine the Skirmisher (level 8, -5/61 HPs)
             Began as a Demonspawn Hunter on Dec 20, 2022.
             Succumbed to a water moccasin's poison
             ... on level 6 of the Dungeon.
             The game lasted 00:18:45 (6448 turns).

gelatine the Skirmisher (Demonspawn Hunter)         Turns: 6448, Time: 00:18:46

Health: -5/61      AC:  5    Str: 11    XL:     8   Next: 83%
Magic:  5/11       EV: 17    Int: 16    God:
Gold:   210        SH:  0    Dex: 20    Spells: 11/12 levels left

rFire   . . .      SeeInvis .    a - +1 shortbow
rCold   . . .      Faith    .    (shield currently unavailable)
rNeg    . . .      Spirit   +    c - +0 leather armour
rPois   .          Reflect  .    (helmet restricted)
rElec   .          Harm     .    q - +0 cloak
rCorr   .          Rampage  .    (no gloves)
Will    .....                    j - +0 pair of boots
Stlth   ++........               (no amulet)
HPRegen 0.30/turn                e - +6 ring of intelligence
MPRegen 0.24/turn                l - +4 ring of evasion

@: lethally poisoned (-5 -> -37)
A: horns 2, magic shield, magic regeneration
a: no special abilities


You were on level 6 of the Dungeon.
You visited 2 branches of the dungeon, and saw 8 of its levels.

You collected 210 gold pieces.

Inventory:

Hand Weapons
 a - a +1 shortbow (weapon)
Missiles
 n - 4 poisoned darts
 p - 7 boomerangs
Armour
 c - a +0 leather armour (worn)
 i - a +0 buckler
 j - a +0 pair of boots (worn)
 q - a +0 cloak (worn)
Jewellery
 e - a +6 ring of intelligence (left hand)
 l - a +4 ring of evasion (right hand)
 v - a +4 ring of protection
Wands
 w - a wand of iceblast (21)
Scrolls
 b - 2 scrolls of immolation
 d - 3 scrolls of teleportation
 f - 3 scrolls of fog
 g - a scroll of butterflies {unknown}
 h - 2 scrolls of amnesia
 o - a scroll of brand weapon
 r - a scroll of vulnerability {unknown}
 s - a scroll of torment {unknown}
 u - a scroll of magic mapping {unknown}
 x - a scroll of blinking {unknown}
 y - 2 scrolls of enchant armour {unknown}
Potions
 k - 2 potions of flight
 m - 2 potions of attraction {unknown}
 z - 2 potions of might {unknown}
 A - 2 potions of brilliance {unknown}
 B - a potion of cancellation


   Skills:
 * Level 4.3 Fighting
 * Level 8.5 Ranged Weapons
 * Level 2.9 Armour
 * Level 3.5 Dodging
 * Level 3.2 Stealth
 * Level 2.6 Spellcasting
 * Level 0.1 Summonings
 * Level 0.1 Evocations


You had 11 spell levels left.
You knew the following spells:

 Your Spells              Type           Power      Damage    Failure   Level
a - Summon Small Mammal   Summ           8%         N/A       24%         1

Your spell library contained the following spells:

 Spells                   Type           Power      Damage    Failure   Level
 Cigotuvi's Dreadful Rot  Necr/Pois/Air  4%         N/A       36%         2
 Poisonous Vapours        Pois/Air       4%         N/A       36%         2
 Call Canine Familiar     Summ           2%         N/A       56%         3
 Gell's Gravitas          Tloc           2%         N/A       58%         3
 Lesser Beckoning         Tloc           4%         N/A       58%         3
 Mephitic Cloud           Conj/Pois/Air  2%         N/A       58%         3
 Portal Projectile        Hex/Tloc       4%         N/A       58%         3
 Summon Guardian Golem    Hex/Summ       2%         N/A       58%         3
 Teleport Other           Tloc           2%         N/A       58%         3
 Leda's Liquefaction      Hex/Erth       1%         N/A       94%         4
 Summon Forest            Summ/Tloc      1%         N/A       100%        5
 Summon Mana Viper        Hex/Summ       2%         N/A       100%        5
 Summon Cactus Giant      Summ           1%         N/A       100%        6
 Chain Lightning          Conj/Air       1%         3d1       100%        9
 Fire Storm               Conj/Fire      1%         7d1       100%        9
 Shatter                  Erth           1%         3d5*      100%        9


Dungeon Overview and Level Annotations

Branches:
Dungeon (7/15)             Temple (1/1) D:5

Altars:
Ashenzari
Cheibriados
Dithmenos
Fedhas
Gozag
Hepliaklqana
Kikubaaqudgha
Makhleb
Nemelex Xobeh
Okawaru
Qazlal
Ru
Sif Muna
Trog
Uskayaw
Vehumet
Wu Jian
Xom
Yredelemnul


Innate Abilities, Weirdness & Mutations

You have a pair of horns on your head.
When hurt, damage is shared between your health and your magic reserves.
You regenerate magic rapidly.


Message History

The water moccasin bites you!
You are more poisoned.
The water moccasin poisons you!
You climb upwards.
You feel extremely sick.
There is a stone staircase leading down here.
You see here a +0 flail.
You are too injured to fight recklessly!
You are too injured to fight recklessly!
You are too injured to fight recklessly!
Fire: a) +1 shortbow
Press: ? - help, Q - select action, (/) - cycle Shift-Dir - straight line, f - water moccasin
Aim: a water moccasin (heavily wounded, 55% to hit)
You shoot an arrow.
The arrow closely misses the water moccasin.
* * * LOW HITPOINT WARNING * * *
You feel very sick.
The water moccasin bites you but does no damage.
The water moccasin bites you!
* * * LOW HITPOINT WARNING * * *
You are more poisoned.
The water moccasin poisons you!
Unknown command.
Fire: a) +1 shortbow
Press: ? - help, Q - select action, (/) - cycle Shift-Dir - straight line, f/p - water moccasin
Aim: a water moccasin (heavily wounded, 55% to hit)
You shoot an arrow. The arrow hits the water moccasin.
The water moccasin is heavily wounded.
* * * LOW HITPOINT WARNING * * *
You feel extremely sick. The water moccasin closely misses you.
The water moccasin bites you.
* * * LOW HITPOINT WARNING * * *
You are more poisoned.
The water moccasin poisons you!
Fire: a) +1 shortbow
Press: ? - help, Q - select action, (/) - cycle Shift-Dir - straight line, f/p - water moccasin
Aim: a water moccasin (heavily wounded, 55% to hit)
You shoot an arrow. The arrow hits the water moccasin!
The water moccasin is almost dead.
You die...

######.##.)###########'###..#####
#.####.##.)####...###..###..###..
...#....#.)...'.........#........
...#....#.....#.........#........
...#....#.>...#....[[...#........
...#....#.....#....)....'........
..##..#####..##....####.##.####..
..#####...##.##..S.#######.######
....##.....##.#.@....#......#....
....#.......#.'......#......'....
........_...#.#......#......#....
.####.......####.....###...######
.#####.....#####.....###...##...#
.....##...##...........#........#
......#####............#........#
.......#...............#........#
###....######'###.....####'#####.


You could see a water moccasin.

Vanquished Creatures
  Sigmund (D:2)
  Edmund (D:5)
  A water moccasin (D:6)
  2 sky beasts (D:6)
  An ice beast (D:6)
  An ogre (D:4)
  2 phantoms
  A centaur (D:6)
  A scorpion (D:5)
  A bullfrog (D:6)
  A killer bee (D:6)
  A howler monkey (D:5)
  A bullfrog zombie (D:5)
  4 hounds
  An orc priest (D:3)
  A gnoll bouda (D:4)
  Jessica (D:2)
  A scorpion zombie (D:5)
  An iguana (D:6)
  2 orc wizards
  8 gnolls
  6 adders
  A shadow imp (D:6)
  2 white imps
  A worm (D:3)
  3 dart slugs
  22 orcs
  10 ball pythons
  6 endoplasms
  2 giant cockroaches (D:1)
  16 hobgoblins
  4 jackals (D:1)
  6 kobolds
  6 quokkas
  11 bats
  2 frilled lizards (D:2)
  11 goblins
  2 rats
145 creatures vanquished.

Vanquished Creatures (others)
  An orc (D:5)
1 creature vanquished.

Grand Total: 146 creatures vanquished

Notes
Turn   | Place    | Note
-------+----------+-------------------------------------------
     0 | D:1      | gelatine the Demonspawn Hunter began the quest for the Orb.
     0 | D:1      | Reached XP level 1. HP: 16/16 MP: 1/1
   263 | D:1      | Gained mutation: You regenerate magic rapidly. [demonic
                  | ancestry]
   263 | D:1      | Reached XP level 2. HP: 16/22 MP: 2/2
   295 | D:1      | Reached skill level 4 in Ranged Weapons
   649 | D:1      | Reached XP level 3. HP: 28/28 MP: 3/3
  1559 | D:2      | Reached skill level 1 in Stealth
  1559 | D:2      | Gained mutation: When hurt, damage is shared between your
                  | health and your magic reserves. [demonic ancestry]
  1559 | D:2      | Reached XP level 4. HP: 33/34 MP: 4/4
  1646 | D:2      | Noticed Sigmund
  1667 | D:2      | Killed Sigmund
  1668 | D:2      | Reached skill level 5 in Ranged Weapons
  1668 | D:2      | Reached skill level 1 in Armour
  1668 | D:2      | Reached skill level 1 in Spellcasting
  1668 | D:2      | Gained mutation: You have a pair of small horns on your
                  | head. [demonic ancestry]
  1668 | D:2      | Reached XP level 5. HP: 27/40 MP: 2/6
  1754 | D:2      | Found a faded altar of an unknown god.
  1798 | D:2      | Noticed Jessica
  1801 | D:2      | Killed Jessica
  1802 | D:2      | Gained mutation: You have a pair of horns on your head.
                  | [demonic ancestry]
  1802 | D:2      | Reached XP level 6. HP: 47/47 MP: 7/7
  3454 | D:4      | Reached skill level 6 in Ranged Weapons
  3535 | D:4      | Reached XP level 7. HP: 37/52 MP: 9/9
  4292 | D:5      | Entered Level 5 of the Dungeon
  4473 | D:5      | Found a staircase to the Ecumenical Temple.
  4658 | D:5      | Found a basalt altar of Yredelemnul.
  4748 | D:5      | Noticed Edmund
  4759 | D:5      | HP: 1/53 [orc/+0 club (2)]
  5024 | D:5      | Killed Edmund
  5025 | D:5      | Reached skill level 7 in Ranged Weapons
  5236 | D:5      | Reached XP level 8. HP: 52/60 MP: 9/11
  5389 | D:6      | Found a broken altar of Ashenzari.
  5757 | D:6      | Reached skill level 8 in Ranged Weapons
  5828 | D:6      | Found a stormy altar of Qazlal.
  6135 | Temple   | Entered the Ecumenical Temple
  6138 | Temple   | Learned a level 1 spell: Summon Small Mammal
  6447 | D:6      | HP: 3/61 [water moccasin (1)]
  6448 | D:6      | Succumbed to a water moccasin's poison

Illustrated notes

Levels and vault maps discovered:
D:1:      kilobyte_arrival_exit_the_forest, layout_basic, st_stairs_12,
          minmay_misc_feat_alley, ebering_dispersal_statue_hall,
          minmay_heptomino_w4
D:2:      layout_loops_cross, chequers_ecumenical_altar_island, uniq_jessica,
          uniq_sigmund
D:3:      cheibrodos_greedy_goblins, layout_basic
D:4:      nicolae_BIG_FREAKIN_CUBE, layout_gridville
D:5:      corexii_shack_village, layout_basic, zin_academy,
          lemuel_zombie_altar_yredelemnul, minmay_temple_entry_from_below_a,
          uniq_edmund
D:6:      layout_gridville, nicolae_ashenzari_panopticon, lemuel_round_altar
D:7:      layout_rooms
Temple:   nicolae_temple_no_exploring_needed

Skill      XL: |  1  2  3  4  5  6  7  8 |
---------------+-------------------------+-----
Ranged Weapons | 4 5 6 7 8 |  8.5
Dodging        | 2 3 |  3.5
Stealth        | 1 2 3 |  3.2
Armour         | 1 2 |  2.9
Spellcasting   | 1 2 |  2.6
Fighting       | 3 4 |  4.3
Summonings     | |  0.1
Evocations     | |  0.1

Action                   |  1- 3 |  4- 6 |  7- 9 || total
-------------------------+-------+-------+-------++-------
 Fire: Shortbow          |   123 |   164 |   247 ||   534
 Cast: Summon Small Mamm |       |       |     2 ||     2
  Use: Potion            |       |     5 |     3 ||     8
       Scroll            |       |     4 |     4 ||     8
Armor: Leather armour    |    22 |    19 |    30 ||    71
Dodge: Dodged            |    55 |    90 |   120 ||   265

Table legend: (Time is in decaauts)
 A = Elapsed time spent in this place.
 B = Non-inter-level travel time spent in this place.
 C = Inter-level travel time spent in this place.
 D = Time resting spent in this place.
 E = Time spent auto-exploring this place.
 F = Levels seen in this place.
 G = Mean time per level.
                   A        B        C        D        E       F      G
               +--------+--------+--------+--------+--------+-----+--------+
         Total |   6575 |   6243 |    332 |      0 |   5140 |   8 |  821.9 |
       Dungeon |   6569 |   6237 |    332 |      0 |   5140 |   7 |  938.4 |
        Temple |      5 |      5 |      0 |      0 |      0 |   1 |    5.0 |
               +--------+--------+--------+--------+--------+-----+--------+

Top non-repeatable levels by time:
     D:1: 1308 daAuts
     D:3: 1251 daAuts
     D:6: 1108 daAuts
     D:5: 1066 daAuts
     D:4: 1023 daAuts
     D:2: 798 daAuts
     D:7: 12 daAuts
  Temple: 5 daAuts
